[Event "ICC tourney 2514 (60 10)"]
[Site "Internet Chess Club"]
[Date "2021.04.17"]
[Round "2"]
[White "JAVIER, JERICK:Jerickjavier18"]
[Black "Nori, YOGA KAUSTHUBHA KRISHNA:Harithaananth"]
[Result "1/2-1/2"]
[ICCResult "Game drawn because neither player has mating material"]
[WhiteElo "1328"]
[BlackElo "1018"]
[Opening "Scotch opening"]
[ECO "C44"]
[NIC "KP.10"]
[Time "13:16:16"]
[PlyCount "181"]
[TimeControl "3600+10"]

1. e4 e5 2. Nf3 Nc6 3. d4 d6 4. Nc3 exd4 5. Nxd4 Nxd4 6. Qxd4 Nf6 7. e5
dxe5 8. Qxd8+ Kxd8 9. Bg5 Be7 10. Bc4 Be6 11. Bxe6 fxe6 12. Bxf6 Bxf6 13.
Ne4 Ke7 14. O-O Rhf8 15. Rad1 b6 16. Rfe1 Rfd8 17. Nd2 c5 18. Nc4 Rxd1 19.
Rxd1 Rd8 20. Re1 Rd5 21. Ne3 Rd4 22. c3 Rd2 23. Nc4 Rd5 24. h3 h6 25. Kf1
b5 26. Ne3 Rd2 27. Rb1 Bh4 28. g3 Bg5 29. Ke1 Bxe3 30. fxe3 Rg2 31. Kf1
Rxg3 32. b4 cxb4 33. Rxb4 Rxe3 34. h4 Rxc3 35. Rxb5 Rc1+ 36. Ke2 Rc2+ 37.
Kf3 Rxa2 38. Rxe5 Kf6 39. Re3 Rh2 40. Re4 Rh3+ 41. Kf2 Ra3 42. Rf4+ Ke7 43.
Rg4 Ra2+ 44. Kg3 Ra3+ 45. Kg2 Kf8 46. Rf4+ Ke7 47. Rg4 Ra2+ 48. Kf3 Ra3+
49. Kg2 Kf7 50. Rf4+ Kg6 51. Rg4+ Kh7 52. Re4 a5 53. Rxe6 Ra1 54. h5 Ra2+
55. Kh3 Ra1 56. Re5 a4 57. Kg2 a3 58. Ra5 Ra2+ 59. Kh1 Ra1+ 60. Kg2 a2 61.
Kh2 Rb1 62. Rxa2 Rb5 63. Ra1 Rxh5+ 64. Kg2 Rg5+ 65. Kh2 h5 66. Rd1 Kh6 67.
Rd6+ Rg6 68. Rd1 Rb6 69. Kg2 g6 70. Kh3 Rb3+ 71. Kg2 Rb2+ 72. Kg3 Rb3+ 73.
Kg2 h4 74. Kh2 Kh5 75. Rd5+ g5 76. Rd2 Rf3 77. Ra2 Kg4 78. Rg2+ Rg3 79. Ra2
Rh3+ 80. Kg1 Rg3+ 81. Kf1 Kh3 82. Ra1 Kh2 83. Ke2 Rg2+ 84. Kf3 Rg3+ 85. Ke4
g4 86. Kf4 Kh3 87. Rh1+ Kg2 88. Rxh4 Kf2 89. Rh2+ Rg2 90. Rxg2+ Kxg2 91.
Kxg4 { Game drawn because neither player has mating material } 1/2-1/2

[Event "ICC tourney 2514 (60 10)"]
[Site "Internet Chess Club"]
[Date "2021.04.17"]
[Round "2"]
[White "LUO, OLIVER:BadChessNotGood"]
[Black "NANGIA, OM:MateON123"]
[Result "1-0"]
[ICCResult "Black checkmated"]
[WhiteElo "596"]
[BlackElo "1122"]
[Opening "QGD: Ragozin variation"]
[ECO "D38"]
[NIC "NI.27"]
[Time "13:16:18"]
[PlyCount "63"]
[TimeControl "3600+10"]

1. Nf3 d5 2. c4 e6 3. d4 Nf6 4. Nc3 Bb4 5. a3 Bxc3+ 6. bxc3 O-O 7. cxd5
Nxd5 8. e4 Nxc3 9. Qc2 Nxe4 10. Qxe4 Nd7 11. Bd3 f5 12. Qxe6+ Kh8 13. O-O
Nb6 14. Qe5 Re8 15. Qg3 Nd5 16. Ne5 Qf6 17. Bg5 Qf8 18. Rfe1 f4 19. Qh4 Bf5
20. Ng6+ Bxg6 21. Bxg6 Rxe1+ 22. Rxe1 h6 23. h3 Nf6 24. Bxf4 Ng8 25. Re6
Rd8 26. Be5 b6 27. Bd3 Qf7 28. Rxh6+ Nxh6 29. Qxd8+ Qg8 30. Qg5 c5 31.
Qxh6+ Qh7 32. Qxh7# { Black checkmated } 1-0

[Event "ICC tourney 2514 (60 10)"]
[Site "Internet Chess Club"]
[Date "2021.04.17"]
[Round "2"]
[White "CARR, EVAN YE:Evanthegreatest"]
[Black "MOGUEL, IXOYE:IxoyeMoguelLara"]
[Result "0-1"]
[ICCResult "White resigns"]
[WhiteElo "1257"]
[BlackElo "1382"]
[Opening "Sicilian defense"]
[ECO "B44"]
[NIC "SI.39"]
[Time "13:17:12"]
[PlyCount "46"]
[TimeControl "3600+10"]

1. e4 c5 2. Nf3 Nc6 3. d4 cxd4 4. Nxd4 e6 5. Nxc6 bxc6 6. Nc3 Bb7 7. Bc4 a6
8. Qd4 d5 9. exd5 cxd5 10. Be2 Nf6 11. Bf4 Be7 12. O-O O-O 13. Bd3 Rc8 14.
Qa7 Ba8 15. Qxa6 d4 16. Nb5 e5 17. Bxe5 Qd5 18. f3 Qxe5 19. Rfe1 Qg5 20.
Rxe7 Bxf3 21. g3 Qd2 22. Kf1 Rxc2 23. Bxc2 Ng4 { White resigns } 0-1

[Event "ICC tourney 2514 (60 10)"]
[Site "Internet Chess Club"]
[Date "2021.04.17"]
[Round "2"]
[White "Lee-Suk, Niccolo:NiccoloChess"]
[Black "KUMAR, SUHANA:SuhanaK"]
[Result "0-1"]
[ICCResult "White checkmated"]
[WhiteElo "977"]
[BlackElo "1255"]
[Opening "Queen's pawn, Mason variation"]
[ECO "D00"]
[NIC "QP.08"]
[Time "13:24:42"]
[PlyCount "62"]
[TimeControl "3600+10"]

1. d4 d5 2. Bf4 Nc6 3. e3 Nf6 4. c3 Bf5 5. Nf3 e6 6. Bd3 Bg6 7. Qc2 Be4 8.
Ne5 Qd6 9. Nd2 Bxg2 10. Rg1 Bh3 11. O-O-O g6 12. Rg3 Bf5 13. Bxf5 exf5 14.
Nxf7 Qe7 15. Nxh8 Qg7 16. Nb3 O-O-O 17. Nc5 Qxh8 18. Ne6 Rd7 19. Kb1 Bd6
20. Bxd6 Rxd6 21. Ng5 Qe8 22. f4 h6 23. Nh3 Ng4 24. a4 Re6 25. b3 Nxe3 26.
Qd2 Nxd1 27. Qxd1 Re1 28. Rd3 Qe4 29. Nf2 Rxd1+ 30. Kc2 Qe2+ 31. Rd2 Qxd2#
{ White checkmated } 0-1

[Event "ICC tourney 2514 (60 10)"]
[Site "Internet Chess Club"]
[Date "2021.04.17"]
[Round "2"]
[White "STRIFF-CAVE, ETHAN CONOR:escape18"]
[Black "PIMANOFF, THEODORE V:Harshcrocodile"]
[Result "1/2-1/2"]
[ICCResult "Game drawn by repetition"]
[WhiteElo "1331"]
[BlackElo "1110"]
[Opening "King's Indian defense, 3.Nc3"]
[ECO "E61"]
[NIC "KI.80"]
[Time "13:16:18"]
[PlyCount "51"]
[TimeControl "3600+10"]

1. d4 Nf6 2. c4 g6 3. Nc3 Bg7 4. e3 d6 5. Bd3 O-O 6. Nf3 Nbd7 7. O-O e5 8.
Ne4 Re8 9. Nxf6+ Nxf6 10. dxe5 dxe5 11. Bc2 Bg4 12. Qxd8 Raxd8 13. Nxe5
Rxe5 14. b3 Re7 15. Ba3 Red7 16. f3 Be6 17. Rfe1 Rd2 18. Rac1 Nd7 19. Bb4
Nb6 20. Bxd2 Rxd2 21. Be4 c6 22. Rc2 Rd8 23. Rcc1 Rd2 24. Rc2 Rd8 25. Rcc1
Rd2 26. Rc2 { Game drawn by repetition } 1/2-1/2

[Event "ICC tourney 2514 (60 10)"]
[Site "Internet Chess Club"]
[Date "2021.04.17"]
[Round "2"]
[White "Shah, Zara:mindfulmint"]
[Black "GALVEZ, TIARA:Firephionex23"]
[Result "0-1"]
[ICCResult "White checkmated"]
[WhiteElo "1230"]
[BlackElo "1367"]
[Opening "Scandinavian defense"]
[ECO "B01"]
[NIC "SD.03"]
[Time "13:17:12"]
[PlyCount "140"]
[TimeControl "3600+10"]

1. e4 d5 2. exd5 Nf6 3. Nc3 Nxd5 4. Nxd5 Qxd5 5. Nf3 Nc6 6. Be2 Bf5 7. O-O
e6 8. d3 Be7 9. Bg5 Bxg5 10. Nxg5 Nd4 11. Bf3 Nxf3+ 12. Qxf3 Qxf3 13. Nxf3
Rd8 14. Nh4 Bg6 15. Nxg6 hxg6 16. Rfe1 Kd7 17. Re4 Rh5 18. Ra4 a6 19. Rb4
b6 20. Rd4+ Ke7 21. Rc4 Rd7 22. Re1 Ra5 23. a3 Rb5 24. b4 a5 25. Ree4 axb4
26. Rxb4 Ra5 27. a4 Rdd5 28. Rec4 Rdc5 29. Kf1 Rxc4 30. Rxc4 Kd6 31. Ke2
Rc5 32. Rd4+ Rd5 33. Ke3 Kc5 34. Rc4+ Kd6 35. Rf4 Rf5 36. Rxf5 gxf5 37. Kd4
e5+ 38. Kc4 c6 39. g3 g6 40. h4 Ke6 41. f3 f6 42. d4 e4 43. f4 b5+ 44. axb5
cxb5+ 45. Kc3 Kd5 46. Kd2 Kxd4 47. Kd1 Ke3 48. Ke1 Kf3 49. Kd2 Kxg3 50. Ke3
Kxh4 51. c3 Kg3 52. Ke2 Kxf4 53. Kf2 e3+ 54. Ke2 Ke4 55. Ke1 Kd3 56. Kd1
Kxc3 57. Ke2 Kc2 58. Kxe3 b4 59. Kd4 b3 60. Kd5 b2 61. Ke6 b1=Q 62. Kxf6
Kb2 63. Kxg6 Qe4 64. Kf7 f4 65. Kg7 Qf5 66. Kg8 f3 67. Kg7 f2 68. Kh6 f1=Q
69. Kg7 Qg1+ 70. Kh6 Qh3# { White checkmated } 0-1

[Event "ICC tourney 2514 (60 10)"]
[Site "Internet Chess Club"]
[Date "2021.04.17"]
[Round "2"]
[White "BENCOSME-LEE, GABE:SAHY-Gabe"]
[Black "Vesval, Thomas:Goofymammoth"]
[Result "0-1"]
[ICCResult "White checkmated"]
[WhiteElo "1394"]
[BlackElo "1268"]
[Opening "English: Sicilian reversed"]
[ECO "A25"]
[NIC "EO.20"]
[Time "13:17:06"]
[PlyCount "148"]
[TimeControl "3600+10"]

1. c4 e5 2. Nc3 Nc6 3. g3 Nf6 4. Bg2 Bb4 5. e3 O-O 6. Nge2 d6 7. O-O Bg4 8.
a3 Bxc3 9. bxc3 Bxe2 10. Qxe2 d5 11. cxd5 Nxd5 12. c4 Nde7 13. Bb2 Qd7 14.
d4 exd4 15. exd4 Rfe8 16. Qd3 Nf5 17. Bh3 Nce7 18. Rfe1 g6 19. d5 Qd6 20.
Qc3 f6 21. Bxf5 Nxf5 22. Qxf6 Qxf6 23. Bxf6 Kf7 24. Be5 Re7 25. Bc3 Rae8
26. Bb4 Re4 27. Rxe4 Rxe4 28. c5 Nd4 29. d6 cxd6 30. cxd6 Nc6 31. d7 Rd4
32. Bc5 Rxd7 33. Bxa7 Nxa7 34. a4 Rd6 35. a5 Ra6 36. Rb1 Rxa5 37. Rxb7+ Kg8
38. Kg2 Nc6 39. h4 Rf5 40. f4 Rf7 41. Rb5 Nd4 42. Rd5 Nf5 43. Kf3 Re7 44.
Rd8+ Kg7 45. Kg4 Re3 46. Rd7+ Kh6 47. Kh3 Rxg3+ 48. Kh2 Rg4 49. Rd3 Rxf4
50. Rh3 Rxh4 51. Rxh4+ Nxh4 52. Kh3 Nf5 53. Kg4 Kg7 54. Kh3 h5 55. Kg2 g5
56. Kh2 h4 57. Kg2 g4 58. Kh2 h3 59. Kh1 g3 60. Kg1 Kg6 61. Kh1 Kg5 62. Kg1
Kf4 63. Kh1 Kf3 64. Kg1 h2+ 65. Kh1 g2+ 66. Kxh2 Kf2 67. Kh3 Nd4 68. Kh4
g1=Q 69. Kh5 Qg3 70. Kh6 Kf3 71. Kh5 Kf4 72. Kh6 Kf5 73. Kh7 Kf6 74. Kh8
Qg7# { White checkmated } 0-1

[Event "ICC tourney 2514 (60 10)"]
[Site "Internet Chess Club"]
[Date "2021.04.17"]
[Round "2"]
[White "BABENKO, ARIEL:ArielB"]
[Black "Ho, Joshua:AutomaticCougar"]
[Result "1-0"]
[ICCResult "Black checkmated"]
[WhiteElo "1112"]
[BlackElo "1334"]
[Opening "Sicilian: Alapin's variation (2.c3)"]
[ECO "B22"]
[NIC "SI.46"]
[Time "13:16:40"]
[PlyCount "67"]
[TimeControl "3600+10"]

1. e4 c5 2. c3 d6 3. d4 cxd4 4. cxd4 Nf6 5. Nc3 e6 6. Nf3 Nc6 7. Be2 Be7 8.
O-O O-O 9. Bf4 b6 10. e5 dxe5 11. dxe5 Nd5 12. Nxd5 exd5 13. a3 Be6 14. Qd2
Qc7 15. Rac1 Qb7 16. Nd4 Rac8 17. Bb5 Bd7 18. Nxc6 Bxc6 19. Bxc6 Rxc6 20.
Qxd5 Rfc8 21. h3 Qc7 22. e6 Rxc1 23. exf7+ Kf8 24. Bxc7 Rxf1+ 25. Kxf1 Rxc7
26. Qf5 Rc5 27. Qxh7 Kxf7 28. Qd3 Rc7 29. g4 Bf6 30. Kg2 Bxb2 31. Qb3+ Kg6
32. Qxb2 Rc5 33. Kg3 Kg5 34. Qxg7# { Black checkmated } 1-0

[Event "ICC tourney 2514 (60 10)"]
[Site "Internet Chess Club"]
[Date "2021.04.17"]
[Round "2"]
[White "BETANCES, NOAH-ALEXANDER:HYNoahAlexaderB"]
[Black "HERNANDEZ, DAMION:SAEpicDH"]
[Result "1-0"]
[ICCResult "Black resigns"]
[WhiteElo "1023"]
[BlackElo "1270"]
[Opening "English: ultra-symmetrical variation"]
[ECO "A36"]
[NIC "EO.31"]
[Time "13:16:36"]
[PlyCount "59"]
[TimeControl "3600+10"]

1. c4 c5 2. g3 g6 3. Bg2 Bg7 4. Nc3 Nc6 5. d3 d6 6. Nf3 Nf6 7. O-O Bd7 8.
Bg5 Qc7 9. Qd2 h6 10. Bxf6 Bxf6 11. a3 a6 12. Rab1 h5 13. Na2 h4 14. b4
O-O-O 15. b5 hxg3 16. fxg3 Nb8 17. bxa6 Nxa6 18. Nc3 Bg4 19. Nb5 Qb8 20.
Qf4 Bxf3 21. Qxf3 Rd7 22. Qg4 Rd8 23. Rxf6 exf6 24. Bxb7+ Qxb7 25. Nxd6+
Kb8 26. Rxb7+ Rxb7 27. Nxb7 Kxb7 28. Qe4+ Kc7 29. Qe7+ Rd7 30. Qxf6 { Black
resigns } 1-0

[Event "ICC tourney 2514 (60 10)"]
[Site "Internet Chess Club"]
[Date "2021.04.17"]
[Round "2"]
[White "EISENBERG, LINUS NGUYEN:PrimusInvin"]
[Black "HELLER, RICHIE:RichieHeller"]
[Result "0-1"]
[ICCResult "White checkmated"]
[WhiteElo "1361"]
[BlackElo "989"]
[Opening "King's gambit"]
[ECO "C30"]
[NIC "KG.05"]
[Time "13:16:23"]
[PlyCount "112"]
[TimeControl "3600+10"]

1. e4 e5 2. f4 d6 3. Nf3 Nc6 4. Bc4 Bg4 5. O-O Nf6 6. Nc3 Be7 7. d3 exf4 8.
Bxf4 Nd4 9. Qd2 Bxf3 10. gxf3 O-O 11. Be3 Nc6 12. Kf2 b6 13. Rg1 Kh8 14.
Rg2 Ne5 15. Bb3 Ng6 16. Rag1 Qe8 17. Nd5 Nxd5 18. Bxd5 Bf6 19. c3 Rc8 20.
Bg5 Qe7 21. Bxf6 Qxf6 22. d4 Qh4+ 23. Kf1 c6 24. Bb3 Qf6 25. Qg5 Qxf3+ 26.
Rf2 Qd3+ 27. Kg2 Qxe4+ 28. Rf3 Nh4+ 29. Kf1 Qxf3+ 30. Ke1 Qe4+ 31. Kd1 Ng6
32. Re1 Qf3+ 33. Kc2 Qf2+ 34. Kd1 Rce8 35. Rxe8 Rxe8 36. Kc1 Qf4+ 37. Qxf4
Nxf4 38. Bxf7 Re2 39. Bc4 Rxh2 40. b4 Ne2+ 41. Kb2 Nxd4+ 42. Ka3 Nb5+ 43.
Kb3 d5 44. Bd3 Rh3 45. Be2 Nd4+ 46. Ka4 Nxe2 47. c4 d4 48. c5 d3 49. cxb6
axb6 50. b5 cxb5+ 51. Kxb5 d2 52. a4 d1=Q 53. Kc6 Qxa4+ 54. Kb7 Rc3 55. Kb8
Qd7 56. Ka8 Rc8# { White checkmated } 0-1

[Event "ICC tourney 2514 (60 10)"]
[Site "Internet Chess Club"]
[Date "2021.04.17"]
[Round "2"]
[White "WOLOZ, GABRIEL:Gabesw"]
[Black "MARTINEZ, EMILEO ENRIQUE:Gaku398973"]
[Result "0-1"]
[ICCResult "White checkmated"]
[WhiteElo "840"]
[BlackElo "1310"]
[Opening "Philidor: exchange variation"]
[ECO "C41"]
[NIC "KP.08"]
[Time "13:16:56"]
[PlyCount "128"]
[TimeControl "3600+10"]

1. e4 e5 2. Nf3 d6 3. d4 exd4 4. Qxd4 Nf6 5. Bb5+ Bd7 6. Nc3 Be7 7. Bg5 O-O
8. a4 Bxb5 9. axb5 Nbd7 10. Rxa7 Rxa7 11. Qxa7 b6 12. Ke2 h6 13. Bh4 g5 14.
Bg3 Nh5 15. Nd5 f5 16. Nd2 f4 17. Nxe7+ Qxe7 18. Qxc7 fxg3 19. hxg3 d5 20.
Rxh5 Qe6 21. f3 dxe4 22. fxe4 Qg4+ 23. Ke3 Qxh5 24. Qxd7 Qf7 25. Qd6 Qf2+
26. Kd3 Qf6 27. e5 Rd8 28. exf6 Rxd6+ 29. Kc3 Rxf6 30. Nc4 h5 31. Kd4 h4
32. Ke5 Kg7 33. g4 Rf2 34. Ne3 Kg6 35. Nf5 Rxg2 36. Ke4 Rxc2 37. Ne7+ Kh6
38. Nf5+ Kh7 39. Nd4 Rxb2 40. Kf5 Kh6 41. Ke4 h3 42. Nf3 h2 43. Nxh2 Rxh2
44. Kd5 Rg2 45. Kc6 Rxg4 46. Kxb6 Rb4 47. Ka5 Rb1 48. b6 g4 49. Ka6 g3 50.
b7 g2 51. Ka7 Rxb7+ 52. Kxb7 g1=Q 53. Kc7 Qd1 54. Kc6 Kg5 55. Kc7 Kf4 56.
Kc8 Ke5 57. Kc7 Ke6 58. Kc6 Qc1+ 59. Kb5 Kd6 60. Kb6 Qb1+ 61. Ka5 Kc6 62.
Ka4 Kc5 63. Ka3 Kc4 64. Ka4 Qa1# { White checkmated } 0-1

[Event "ICC tourney 2514 (60 10)"]
[Site "Internet Chess Club"]
[Date "2021.04.17"]
[Round "2"]
[White "BENCOSME LEE, SUBI BELIN:SAHYMS-Subi"]
[Black "PRASAD, AMIT:CobaltGame"]
[Result "1-0"]
[ICCResult "Black checkmated"]
[WhiteElo "1103"]
[BlackElo "1358"]
[Opening "English: Carls' Bremen system"]
[ECO "A22"]
[NIC "EO.10"]
[Time "13:16:17"]
[PlyCount "75"]
[TimeControl "3600+10"]

1. c4 e5 2. Nc3 Nf6 3. g3 Bc5 4. Bg2 Nc6 5. e3 O-O 6. Nge2 d6 7. O-O Be6 8.
d4 exd4 9. exd4 Nxd4 10. Nxd4 Bxc4 11. Re1 c6 12. Bg5 Qb6 13. Na4 Qb4 14.
Nf5 Bxf2+ 15. Kxf2 b5 16. Ne7+ Kh8 17. Nxc6 Qxa4 18. b3 Qa3 19. bxc4 Qc5+
20. Be3 Qf5+ 21. Kg1 Rfe8 22. Nd4 Qg6 23. Bxa8 Rxa8 24. Nxb5 Ne4 25. Bf4 h5
26. Nxd6 Nxd6 27. Qxd6 Qc2 28. c5 Qc4 29. c6 Qb5 30. c7 Qa5 31. Bd2 Qa4 32.
Qd8+ Rxd8 33. cxd8=Q+ Kh7 34. Qd3+ g6 35. Qe3 Qc6 36. Qh6+ Kg8 37. Bc3 Qxc3
38. Re8# { Black checkmated } 1-0

[Event "ICC tourney 2514 (60 10)"]
[Site "Internet Chess Club"]
[Date "2021.04.17"]
[Round "2"]
[White "Smith, Graham Bradley:Smittyboy13"]
[Black "NETI, ADARSH:PearPower"]
[Result "0-1"]
[ICCResult "White checkmated"]
[WhiteElo "786"]
[BlackElo "1290"]
[Opening "Old Indian defense"]
[ECO "E70"]
[NIC "KI.31"]
[Time "13:16:21"]
[PlyCount "86"]
[TimeControl "3600+10"]

1. d4 Nf6 2. c4 d6 3. Nc3 g6 4. e4 Bg7 5. Be3 O-O 6. Qd2 Nbd7 7. Bh6 e5 8.
Bxg7 Kxg7 9. d5 Nc5 10. Bd3 Nxd3+ 11. Qxd3 Ne8 12. b4 f5 13. c5 fxe4 14.
Nxe4 Bf5 15. Ne2 Nf6 16. N2g3 Nxe4 17. Nxe4 Qh4 18. O-O Qxe4 19. Qb5 Qxd5
20. f4 Bd3 21. Rfd1 Qxg2+ 22. Kxg2 Bxb5 23. fxe5 Bc6+ 24. Kg1 dxe5 25. a4
a6 26. Re1 e4 27. Ra2 Rae8 28. Rb1 b5 29. cxb6 cxb6 30. b5 axb5 31. axb5
Bb7 32. Rc1 Rf7 33. h4 h5 34. Re1 Rf4 35. Rc2 Re7 36. Kh2 Rxh4+ 37. Kg3
Rg4+ 38. Kh2 Kh6 39. Rd2 Rg5 40. Rb1 e3 41. Rd6 Re4 42. Kh3 Bc8+ 43. Kh2
Rh4# { White checkmated } 0-1

[Event "ICC tourney 2514 (60 10)"]
[Site "Internet Chess Club"]
[Date "2021.04.17"]
[Round "2"]
[White "SHARMA, ABDD:catseyenebula"]
[Black "LAY, ARTIS:al68067"]
[Result "1-0"]
[ICCResult "Black resigns"]
[WhiteElo "1422"]
[BlackElo "1273"]
[Opening "English, 1...Nf6 (Anglo-Indian defense)"]
[ECO "A15"]
[NIC "EO.64"]
[Time "13:16:33"]
[PlyCount "103"]
[TimeControl "3600+10"]

1. c4 Nf6 2. g3 c6 3. Bg2 d5 4. cxd5 cxd5 5. Nf3 Nc6 6. O-O Bf5 7. Qb3 Qd7
8. d3 e6 9. Bg5 Be7 10. Nbd2 O-O 11. Rac1 h6 12. Be3 Bd6 13. Bc5 Na5 14.
Qa3 Bxc5 15. Rxc5 b6 16. Rc3 Rac8 17. Ne5 Qb7 18. Rfc1 Rxc3 19. Qxc3 Qb8
20. Ndf3 Nb7 21. Nc6 Qa8 22. Ne7+ Kh8 23. Nxf5 exf5 24. Nd4 Re8 25. Nxf5
Rxe2 26. Bxd5 Qb8 27. Qc8+ Qxc8 28. Rxc8+ Kh7 29. Bxb7 Rxb2 30. Rf8 Ng4 31.
Be4 Nxf2 32. Rxf7 Nxe4 33. Rxg7+ Kh8 34. dxe4 Rxa2 35. Rg6 Re2 36. Rxh6+
Kg8 37. Re6 a5 38. Rxb6 Rxe4 39. Ra6 a4 40. Nd6 Re6 41. Ra8+ Kg7 42. Nc4
Re1+ 43. Kf2 Ra1 44. h4 Rc1 45. Rxa4 Kg6 46. Ne5+ Kh5 47. Ra5 Rc2+ 48. Kf3
Rc3+ 49. Kf4 Rc2 50. g4+ Kxh4 51. Nf3+ Kh3 52. Rh5+ { Black resigns } 1-0

[Event "ICC tourney 2514 (60 10)"]
[Site "Internet Chess Club"]
[Date "2021.04.17"]
[Round "2"]
[White "CARMINA, JONATHAN:temporarydanger"]
[Black "AYYAPPAN, ANUSHKA:Anushkaa"]
[Result "1-0"]
[ICCResult "Black checkmated"]
[WhiteElo "1090"]
[BlackElo "1303"]
[Opening "Ruy Lopez: four knights (Tarrasch) variation"]
[ECO "C77"]
[NIC "RL.12"]
[Time "13:16:17"]
[PlyCount "75"]
[TimeControl "3600+10"]

1. e4 e5 2. Nf3 Nc6 3. Bb5 a6 4. Ba4 Nf6 5. Nc3 Be7 6. Bxc6 dxc6 7. d3 Bd6
8. Bg5 h6 9. Bh4 O-O 10. Qd2 Qe7 11. Rg1 Qe6 12. h3 Bc5 13. g4 Nh7 14. g5
h5 15. Rg3 g6 16. O-O-O b5 17. d4 exd4 18. Nxd4 Bxd4 19. Qxd4 Bb7 20. f4
Rfd8 21. Qg1 b4 22. f5 Qe5 23. Na4 Qf4+ 24. Qe3 Qxh4 25. Rf1 Nf6 26. Rf4
Ng4 27. hxg4 Qxg5 28. gxh5 Qxh5 29. Rfg4 Rd6 30. Nc5 Rad8 31. b3 Rd1+ 32.
Kb2 Qh8+ 33. e5 Bc8 34. Rh3 Qg7 35. f6 Qf8 36. Rgh4 Bxh3 37. Qxh3 Qxc5 38.
Rh8# { Black checkmated } 1-0

[Event "ICC tourney 2514 (60 10)"]
[Site "Internet Chess Club"]
[Date "2021.04.17"]
[Round "2"]
[White "PATEL, SOHAM:SPBrain"]
[Black "JOSHI, AYAN PRASAD:ayanloveschess"]
[Result "0-1"]
[ICCResult "White checkmated"]
[WhiteElo "1248"]
[BlackElo "1101"]
[Opening "Ruy Lopez: closed defense"]
[ECO "C84"]
[NIC "RL.13"]
[Time "13:16:39"]
[PlyCount "124"]
[TimeControl "3600+10"]

1. e4 e5 2. Nf3 Nc6 3. Bb5 a6 4. Ba4 Nf6 5. O-O Be7 6. c3 O-O 7. Re1 d6 8.
h3 Nb8 9. d4 Nbd7 10. Nbd2 Re8 11. Nf1 b5 12. Bb3 Bb7 13. Ng3 h6 14. Nf5
Bxe4 15. Nxh6+ gxh6 16. Bxh6 Bf8 17. Qd2 Bxf3 18. gxf3 Bxh6 19. Qxh6 Nh7
20. Bxf7+ Kxf7 21. Qxh7+ Ke6 22. Rad1 Qg5+ 23. Kf1 d5 24. dxe5 Rh8 25. Qd3
c6 26. f4 Qf5 27. Qxf5+ Kxf5 28. e6 Nf6 29. Rd3 Rae8 30. Rde3 Rh7 31. Kg2
Rhe7 32. Re5+ Kxf4 33. f3 Nh7 34. h4 Nf8 35. h5 Rxe6 36. Rxe6 Rxe6 37. Rxe6
Nxe6 38. h6 Nf8 39. Kf2 c5 40. Ke2 d4 41. cxd4 cxd4 42. Kd3 Ke5 43. f4+ Kd5
44. f5 Nh7 45. a3 Ke5 46. b4 Nf6 47. Ke2 Ke4 48. Kd2 d3 49. Kd1 Ke3 50. Ke1
d2+ 51. Kd1 Nh7 52. f6 Nxf6 53. h7 Nxh7 54. a4 bxa4 55. b5 axb5 56. Kc2 Ke2
57. Kc3 d1=Q 58. Kb2 Qd3 59. Ka1 Qd2 60. Kb1 Kd3 61. Ka1 Kc3 62. Kb1 Qb2# {
White checkmated } 0-1

[Event "ICC tourney 2514 (60 10)"]
[Site "Internet Chess Club"]
[Date "2021.04.17"]
[Round "2"]
[White "BURCHILL, MARCUS:MarcusB"]
[Black "MARISWARAN, SHASHVAT:sassymareese"]
[Result "0-1"]
[ICCResult "White checkmated"]
[WhiteElo "1271"]
[BlackElo "1429"]
[Opening "QGD semi-Slav: 5.Bg5 dc"]
[ECO "D44"]
[NIC "SL.03"]
[Time "13:16:23"]
[PlyCount "140"]
[TimeControl "3600+10"]

1. d4 d5 2. c4 c6 3. Nc3 Nf6 4. Nf3 e6 5. Bg5 dxc4 6. e3 Bb4 7. Bxc4 Qa5 8.
Qc2 Ne4 9. O-O Nxg5 10. Nxg5 Qxg5 11. Ne4 Qg6 12. Bd3 f5 13. Nc5 O-O 14.
Qc4 Ba5 15. e4 fxe4 16. Nxe4 Na6 17. Nd6 Qf6 18. Ne4 Qg6 19. Nc5 Qh6 20.
Nxa6 bxa6 21. Qxc6 Rb8 22. d5 Rxb2 23. Bc4 Rb6 24. Qc7 exd5 25. Bxd5+ Kh8
26. Qc5 Bb4 27. Qc4 Qf6 28. Rab1 Ba5 29. Rbc1 Bb7 30. Bxb7 Rxb7 31. Qd5 Rb2
32. Qxa5 Rxf2 33. Qe1 Rxf1+ 34. Qxf1 Qd4+ 35. Kh1 Rxf1+ 36. Rxf1 Kg8 37. h3
Qc4 38. Rf2 Qd4 39. Kg1 Qa1+ 40. Kh2 Qe5+ 41. g3 Qe3 42. Kg2 g5 43. Rf3
Qd2+ 44. Rf2 Qd5+ 45. Kh2 h5 46. g4 Qe5+ 47. Kg2 Qe4+ 48. Kg3 h4+ 49. Kh2
Qe3 50. Rc2 Qg3+ 51. Kh1 Qxh3+ 52. Rh2 Qxg4 53. Rg2 Qxg2+ 54. Kxg2 Kg7 55.
Kh3 Kg6 56. Kg4 a5 57. a4 a6 58. Kf3 Kf5 59. Kg2 Kg4 60. Kh2 Kf3 61. Kh3
g4+ 62. Kh2 g3+ 63. Kg1 h3 64. Kh1 g2+ 65. Kg1 h2+ 66. Kxh2 Kf2 67. Kh3
g1=Q 68. Kh4 Qg6 69. Kh3 Qg5 70. Kh2 Qg2# { White checkmated } 0-1

[Event "ICC tourney 2514 (60 10)"]
[Site "Internet Chess Club"]
[Date "2021.04.17"]
[Round "2"]
[White "PODDUTURI, AASHRITH:chessprogidy"]
[Black "Chin, Matthew:mhchin"]
[Result "1-0"]
[ICCResult "Black checkmated"]
[WhiteElo "1378"]
[BlackElo "1264"]
[Opening "Queen's bishop game"]
[ECO "A45"]
[NIC "QP.07"]
[Time "13:16:19"]
[PlyCount "97"]
[TimeControl "3600+10"]

1. d4 Nf6 2. Bf4 d5 3. Nf3 e6 4. e3 Bd6 5. Bg3 c5 6. c3 Nc6 7. Bd3 b6 8.
Nbd2 O-O 9. Qe2 Bb7 10. Ne5 Ne7 11. f4 Nf5 12. Bf2 Be7 13. g4 Nd6 14. h4
Nfe4 15. Nxe4 Nxe4 16. Bxe4 dxe4 17. g5 cxd4 18. cxd4 Bb4+ 19. Kf1 a5 20.
Kg2 Rc8 21. h5 f6 22. gxf6 Rxf6 23. Bh4 Qf8 24. Nd7 Qf7 25. Nxf6+ gxf6 26.
Kh3 Kh8 27. Rhg1 Re8 28. Rg3 e5 29. Rag1 exf4 30. exf4 Bd6 31. Qc4 Bc8+ 32.
Kg2 Be6 33. Qc6 Rd8 34. Qb7 Be7 35. Kh2 Re8 36. Qxe4 Bd5 37. Qf5 Be6 38.
Qb5 Rb8 39. h6 Qf8 40. Qc6 Qc8 41. Qg2 Qf8 42. Rg7 Bd8 43. f5 Bf7 44. Qc6
Be7 45. Bxf6 Bg6 46. R7xg6+ Bxf6 47. Rg8+ Qxg8 48. Qxf6+ Qg7 49. Qxg7# {
Black checkmated } 1-0

[Event "ICC tourney 2514 (60 10)"]
[Site "Internet Chess Club"]
[Date "2021.04.17"]
[Round "2"]
[White "NOZAKI, MAYA:ChocolateSwirl"]
[Black "SOOD, MANASVIN:kushood"]
[Result "0-1"]
[ICCResult "White checkmated"]
[WhiteElo "1136"]
[BlackElo "1402"]
[Opening "French: Swiss variation"]
[ECO "C11"]
[NIC "FR.04"]
[Time "13:17:12"]
[PlyCount "94"]
[TimeControl "3600+10"]

1. e4 e6 2. d4 d5 3. Nc3 Nf6 4. Bd3 c6 5. Bg5 Be7 6. e5 Nfd7 7. Bxe7 Qxe7
8. Nf3 O-O 9. O-O Re8 10. Ne2 Nb6 11. Ng3 N8d7 12. c3 f6 13. Qc2 f5 14. Qd2
Nf8 15. Qf4 Ng6 16. Qe3 f4 17. Qd2 fxg3 18. fxg3 Bd7 19. Ng5 Rf8 20. Bxg6
hxg6 21. Nh3 Rxf1+ 22. Rxf1 Nc4 23. Qf4 Rf8 24. Qg4 Rxf1+ 25. Kxf1 Ne3+ 26.
Ke2 Nxg4 27. Nf4 Qf7 28. h3 g5 29. Nd3 Nh6 30. Nf2 Qf5 31. Ke3 Qc2 32. Kf3
Qxb2 33. a4 Qxc3+ 34. Ke2 Nf5 35. g4 Ng3+ 36. Kd1 Qxd4+ 37. Ke1 Qe3+ 38.
Kd1 Qxf2 39. Kc1 c5 40. a5 Ba4 41. Kb1 Qc2+ 42. Ka1 Qc3+ 43. Kb1 d4 44. h4
d3 45. Ka2 d2 46. a6 Qb3+ 47. Ka1 d1=Q# { White checkmated } 0-1

[Event "ICC tourney 2514 (60 10)"]
[Site "Internet Chess Club"]
[Date "2021.04.17"]
[Round "3"]
[White "MOGUEL, IXOYE:IxoyeMoguelLara"]
[Black "CARMINA, JONATHAN:temporarydanger"]
[Result "1-0"]
[ICCResult "Black checkmated"]
[WhiteElo "1382"]
[BlackElo "1090"]
[Opening "Three knights game"]
[ECO "C46"]
[NIC "KP.06"]
[Time "16:32:02"]
[PlyCount "55"]
[TimeControl "3600+10"]

1. e4 e5 2. Nf3 Nc6 3. Nc3 Bb4 4. Nd5 d6 5. c3 Bc5 6. d4 exd4 7. b4 Bb6 8.
a4 a5 9. Nxb6 cxb6 10. b5 Ne5 11. Qxd4 Qf6 12. Ba3 Bg4 13. Nd2 Rd8 14. f3
Bh5 15. O-O-O Ne7 16. Nc4 Qf4+ 17. Kb2 f6 18. Nxd6+ Kf8 19. Qxb6 Nf7 20.
Rd3 g5 21. Nf5 Rxd3 22. Bxe7+ Kg8 23. Bxd3 Qd2+ 24. Bc2 h6 25. Qxf6 Rh7 26.
Rd1 Qxg2 27. Rd8+ Nxd8 28. Qf8# { Black checkmated } 1-0